 Dungeon Sprint DCSS version 0.23.1 (webtiles) character file.

Game seed: 1099399183471565107

7433 nuthulu the Grappler (level 10, -9/115 HPs)
             Began as a Troll Monk on Mar 6, 2019.
             Was a High Priest of Okawaru.
             Mangled by a 12-headed hydra (15 damage)
             ... while paralysed by a floating eye
             ... in the Dungeon (Sprint I: "Red Sonja").
             The game lasted 00:03:37 (1327 turns).

nuthulu the Grappler (Troll Monk)                   Turns: 1327, Time: 00:03:38

Health: -9/115     AC: 10    Str: 19    XL:     10   Next: 93%
Magic:  11/16      EV:  1    Int:  2    God:    Okawaru [*****.]
Gold:   486        SH:  0    Dex:  9    Spells: 9/9 levels left

rFire    . . .     SeeInvis .     - Unarmed
rCold    . . .     Gourm    +   (no shield)
rNeg     . . .     Faith    .   q - +2 robe of the Arcane {rPois MR+++ Str-5 Int-4}
rPois    +         Spirit   .   m - +1 hat
rElec    .         Reflect  .   p - +0 cloak
rCorr    .         Harm     .   (gloves unavailable)
MR       +++..     NoTele   +   (boots unavailable)
Stlth    +.........             (no amulet)
HPRegen  0.69/turn              d - -3 ring of dexterity (curse)
MPRegen  0.15/turn              (no ring)

@: paralysed, finesse
A: large, unfitting armour, claws 3, fast metabolism 3, gourmand, regeneration
1, shaggy fur 1, tough skin 3
a: Heroism, Finesse, Renounce Religion


You were in the Dungeon.
You worshipped Okawaru.
Okawaru was extremely pleased with you.
You were completely stuffed.

You visited 1 branch You collected 747 gold pieces.
You spent 261 gold pieces at shops.

Inventory:

Armour
 a - a +0 robe
 m - a +1 hat (worn)
 p - a +0 cloak (worn)
 q - the +2 robe of the Arcane (worn) {rPois MR+++ Str-5 Int-4}
   (You bought it in a shop in the Dungeon)

   It affects your strength (-5).
   It affects your intelligence (-4).
   It protects you from poison.
   It affects your resistance to hostile enchantments.
Jewellery
 d - a cursed -3 ring of dexterity (left claw)
Wands
 i - a wand of random effects (24)
 k - a wand of paralysis (7)
Scrolls
 h - a scroll of blinking
 j - a scroll of immolation
Potions
 c - a potion of curing
 e - a potion of haste
 f - 2 potions of magic
 g - a potion of berserk rage
 l - a potion of agility {unknown}
Comestibles
 b - 2 rations
 n - 6 chunks of flesh


   Skills:
 + Level 12.0 Fighting
 + Level 12.0 Dodging
 - Level 1.0 Stealth
 + Level 13.9 Unarmed Combat
 + Level 10.4 Invocations


You had 9 spell levels left.
You didn't know any spells.
Your spell library was empty.

Dungeon Overview and Level Annotations

Branches:
Dungeon (1/1)

Altars:
Cheibriados
Dithmenos
Elyvilon
Fedhas
Gozag
Hepliaklqana
Kikubaaqudgha
Makhleb
Nemelex Xobeh
Okawaru
Qazlal
Ru
Sif Muna
Trog
Uskayaw
Vehumet
Wu Jian
Xom
Yredelemnul
Zin
The Shining One
Jiyva
Lugonu

Shops:
D }[


Innate Abilities, Weirdness & Mutations

You are too large for most types of armour.
You have claws for hands.
Your metabolism is lightning-fast.
You like to eat raw meat.
Your natural rate of healing is unusually fast.
You are covered in fur. (AC +1)
You have extremely tough skin. (AC +3)


Message History

The 12-headed hydra bites you but does no damage. x3
The 12-headed hydra bites you! x2
The 12-headed hydra bites you but does no damage.
The 12-headed hydra bites you.
The 12-headed hydra bites you but does no damage.
The 12-headed hydra bites you!
The 12-headed hydra bites you but does no damage.
The 12-headed hydra bites you. x2
* * * LOW HITPOINT WARNING * * *
The 12-headed hydra bites you but does no damage.
The 12-headed hydra bites you!
* * * LOW HITPOINT WARNING * * *
The 12-headed hydra bites you.
* * * LOW HITPOINT WARNING * * *
The 12-headed hydra bites you.
* * * LOW HITPOINT WARNING * * *
The 12-headed hydra bites you.
* * * LOW HITPOINT WARNING * * *
The 12-headed hydra bites you!
You die...

#####################************
..#).#§.†.÷÷§§§§@DG$#,,+,,,,*,,,,
.†##'#§####.§§§§##$.+,,*,,,,**,,,
..†§.#.#,*##..§##**##*+*,,,,,****
###§§§§#+*,###+#,,,**,,*,,,,,*,,,
.##+####,,,*,*,**,,,*,,**,,,,*,∩,
.#.○.°°#,,,***,,***,*,,≈***+**,,,
.#.○..○+,,,,,**,*,*,*,,≈,,*,****+
'###.°○#,,,,,*,,***,*,,≈,**+*,,,,
.'.#...#**++**,**,,,*,,≈**,,,,,,,


You could see a 12-headed hydra and a floating eye.

Vanquished Creatures
  2 centaur warriors (D)
  A deep troll (D)
  A lindwurm (D)
  An oklob plant (D)
  A gargoyle (D)
  2 kobold demonologists (D)
  4 demonic crawlers (D)
  A hornet (D)
  A slime creature (D)
  Sigmund (D)
  2 redbacks (D)
  A yak (D)
  13 hogs (D)
  A floating eye (D)
  An ogre (D)
  A jelly (D)
  Ijyb (D)
35 creatures vanquished.

Vanquished Creatures (others)
  A gargoyle (D)
1 creature vanquished.

Grand Total: 36 creatures vanquished

Notes
Turn   | Place    | Note
-------+----------+-------------------------------------------
     0 | D        | nuthulu the Troll Monk began the quest for the Orb.
     0 | D        | Reached XP level 1. HP: 22/22 MP: 0/0
     1 | D        | Noticed Ijyb
    23 | D        | Killed Ijyb
    23 | D        | Reached skill level 4 in Unarmed Combat
    23 | D        | Reached XP level 2. HP: 25/32 MP: 1/1
    37 | D        | Noticed an ogre
    42 | D        | Killed an ogre
    42 | D        | Reached skill level 5 in Fighting
    42 | D        | Reached skill level 5 in Dodging
    42 | D        | Reached skill level 6 in Unarmed Combat
    42 | D        | Reached XP level 3. HP: 42/42 MP: 2/2
    42 | D        | Reached XP level 4. HP: 50/50 MP: 3/3
    51 | D        | Noticed Sigmund
    58 | D        | Killed Sigmund
    58 | D        | Reached skill level 7 in Unarmed Combat
    58 | D        | Reached XP level 5. HP: 56/61 MP: 4/4
    58 | D        | Reached XP level 6. HP: 63/68 MP: 5/5
   109 | D        | Found an ornate altar of the Wu Jian Council.
   109 | D        | Found a deep blue altar of Sif Muna.
   111 | D        | Found a radiant altar of Vehumet.
   115 | D        | Reached skill level 8 in Unarmed Combat
   122 | D        | Found Odeseig's Gadget Emporium.
   122 | D        | Found an ancient bone altar of Kikubaaqudgha.
   122 | D        | Found a hazy altar of Hepliaklqana.
   122 | D        | Found a stormy altar of Qazlal.
   122 | D        | Found a hide-covered altar of Uskayaw.
   122 | D        | Found a blossoming altar of Fedhas.
   122 | D        | Found a bloodstained altar of Trog.
   122 | D        | Found an iron altar of Okawaru.
   122 | D        | Found a basalt altar of Yredelemnul.
   122 | D        | Found a glowing golden altar of the Shining One.
   122 | D        | Found a snail-covered altar of Cheibriados.
   122 | D        | Found a sacrificial altar of Ru.
   122 | D        | Found a glowing silver altar of Zin.
   122 | D        | Found a shadowy altar of Dithmenos.
   122 | D        | Found a white marble altar of Elyvilon.
   122 | D        | Noticed a yak
   123 | D        | Found an opulent altar of Gozag.
   129 | D        | Killed a yak
   130 | D        | Found a sparkling altar of Nemelex Xobeh.
   179 | D        | Became a worshipper of Warmaster Okawaru
   179 | D        | Reached * piety under Okawaru
   179 | D        | Reached ** piety under Okawaru
   236 | D        | Found a viscous altar of Jiyva.
   236 | D        | Found a corrupted altar of Lugonu.
   236 | D        | Noticed a slime creature
   240 | D        | Killed a slime creature
   240 | D        | Reached skill level 9 in Unarmed Combat
   240 | D        | Reached XP level 7. HP: 58/79 MP: 5/7
   241 | D        | Found a burning altar of Makhleb.
   241 | D        | Found a shimmering altar of Xom.
   286 | D        | Noticed a kobold demonologist
   287 | D        | Noticed a kobold demonologist
   291 | D        | Reached *** piety under Okawaru
   292 | D        | Noticed a sun demon
   300 | D        | Killed a kobold demonologist
   300 | D        | Reached skill level 10 in Unarmed Combat
   308 | D        | Noticed a ynoxinul
   311 | D        | Killed a kobold demonologist
   311 | D        | Reached skill level 5 in Invocations
   311 | D        | Reached XP level 8. HP: 69/91 MP: 8/10
   364 | D        | Noticed a centaur warrior
   364 | D        | Noticed a centaur warrior
   371 | D        | Killed a centaur warrior
   371 | D        | Reached skill level 11 in Unarmed Combat
   373 | D        | Killed a centaur warrior
   373 | D        | Reached **** piety under Okawaru
   373 | D        | Reached skill level 10 in Fighting
   373 | D        | Reached skill level 10 in Dodging
   373 | D        | Reached XP level 9. HP: 45/101 MP: 8/13
   466 | D        | Reached skill level 12 in Unarmed Combat
   478 | D        | Noticed an oklob plant
   487 | D        | Killed an oklob plant
   487 | D        | Reached ***** piety under Okawaru
   529 | D        | Noticed a deep troll
   537 | D        | Killed a deep troll
   684 | D        | Found Tuys's Armour Emporium.
   693 | D        | Bought a +0 cloak for 63 gold pieces
   693 | D        | Bought the +2 robe of the Arcane {rPois MR+++ Str-5 Int-4}
                  | for 198 gold pieces
   888 | D        | Reached XP level 10. HP: 111/111 MP: 9/15
   950 | D        | Killed a gargoyle
   976 | D        | Reached skill level 13 in Unarmed Combat
  1067 | D        | Noticed a gargoyle
  1080 | D        | Killed a gargoyle
  1116 | D        | Noticed a lindwurm
  1123 | D        | Killed a lindwurm
  1123 | D        | Received a gift from Okawaru
  1207 | D        | Reached skill level 10 in Invocations
  1325 | D        | Noticed a 12-headed hydra
  1326 | D        | Paralysed by a floating eye for 2 turns
  1327 | D        | Mangled by a 12-headed hydra

Skill      XL: |  1  2  3  4  5  6  7  8  9 10 |
---------------+-------------------------------+-----
Fighting       | 3 5 6 7 8 10 12 | 12.0
Dodging        | 3 5 6 7 8 10 12 | 12.0
Unarmed Combat | 4 6 7 9 10 11 12 13 | 13.9
Invocations    | 2 5 7 8 10 | 10.4
Stealth        | |  1.0

Action                   |  1- 3 |  4- 6 |  7- 9 | 10-12 || total
-------------------------+-------+-------+-------+-------++-------
Melee: Unarmed           |    25 |    19 |    47 |    69 ||   160
       Punch             |       |       |     5 |     5 ||    10
Invok: Heroism           |       |       |     3 |     2 ||     5
       Finesse           |       |       |     1 |     3 ||     4
  Use: Scroll            |       |       |     5 |       ||     5
       Potion            |       |       |     1 |       ||     1
 Stab: Sleeping          |       |       |     1 |       ||     1
  Eat: Chunk             |     1 |     7 |     2 |     7 ||    17
Armor: Robe              |     7 |     4 |    11 |    23 ||    45
Dodge: Dodged            |    10 |     3 |    24 |    36 ||    73
